 Dungeon Crawl Stone Soup version 0.31.0-11-ge490571c62 (webtiles) character file.

Game seed: 10106728466764412112

35 qw the Shooter (level 3, 0/20 HPs)
             Began as a Deep Elf Hunter on Feb 4, 2024.
             Slain by a ribbon worm (3 damage)
             ... on level 2 of the Dungeon.
             The game lasted 00:00:03 (1034 turns).

qw the Shooter (Deep Elf Hunter)                    Turns: 1034, Time: 00:00:04

Health: 0/20       AC:  6    Str: 10    XL:     3   Next: 16%
Magic:  5/5        EV:  9    Int: 13    God:
Gold:   64         SH:  0    Dex: 18    Spells: 2/2 levels left

rFire   . . .        a - +0 shortbow
rCold   . . .        (shield currently unavailable)
rNeg    . . .        d - +0 scale mail
rPois   .            (no helmet)
rElec   .            (no cloak)
rCorr   +            (no gloves)
SInv    .            (no boots)
Will    .....        (no amulet)
Stlth   +            l - ring of resist corrosion
HPRegen 0.23/turn    (no ring)
MPRegen 0.09/turn

%: no passive effects
@: no status effects
A: no striking features
a: no special abilities


You were on level 2 of the Dungeon.
You visited 1 branch of the dungeon, and saw 2 of its levels.

You collected 64 gold pieces.


   Skills:
 - Level 1.5 Fighting
 + Level 6.7 Ranged Weapons
 - Level 2.4 Dodging
 - Level 1.2 Stealth


You had 2 spell levels left.
You didn't know any spells.
Your spell library was empty.

Inventory:

Hand Weapons
 a - a +0 shortbow (weapon)
Armour
 d - a +0 scale mail (worn)
Jewellery
 h - a ring of ice
 l - a ring of resist corrosion (left hand)
Potions
 b - a potion of cancellation {unknown}
 e - a potion of curing
 i - a potion of heal wounds {unknown}
 j - a potion of resistance {unknown}
 k - a potion of lignification {unknown}

Dungeon Overview and Level Annotations

Branches:
Dungeon (2/15)

Altars:

Shops:
D:1 (:


Message History

The web tears apart.
You shoot an arrow. The arrow hits the ribbon worm!
The ribbon worm is moderately wounded.
You shoot an arrow. The arrow hits the ribbon worm.
The ribbon worm is moderately wounded.
The ribbon worm expels a string of sticky webbing.
The stream of webbing hits you but does no damage.
You are caught in a web!
The web tears apart.
You shoot an arrow.
The arrow hits the ribbon worm but does no damage.
The ribbon worm is moderately wounded.
The ribbon worm barely misses you.
You shoot an arrow. The arrow hits the ribbon worm.
The ribbon worm is moderately wounded.
The ribbon worm bites you but does no damage.
You shoot an arrow. The arrow hits the ribbon worm.
The ribbon worm is heavily wounded.
The ribbon worm barely misses you.
You shoot an arrow. The arrow hits the ribbon worm.
The ribbon worm is severely wounded.
The ribbon worm expels a string of sticky webbing.
The stream of webbing hits you but does no damage.
You are caught in a web!
The web tears apart.
The ribbon worm bites you.
You shoot an arrow. The arrow hits the ribbon worm.
The ribbon worm is severely wounded.
The ribbon worm bites you.
You shoot an arrow.
The arrow barely misses the ribbon worm.
The ribbon worm bites you.
You shoot an arrow.
The arrow hits the ribbon worm but does no damage.
The ribbon worm is severely wounded.
The ribbon worm bites you.
You shoot an arrow. The arrow hits the ribbon worm.
The ribbon worm is almost dead.
The ribbon worm bites you.
You die...

###############
#.............#
#.###########.#
####.#.....# #.#
#....#.###.# #@#
#.#........#...w.#
#.#.##.##..#.##..#
#.#.#......# #..#
#.#.....#.## #..#
#.#.###.#.# #...
#.#.....#.# #.##
#.#######.# #.
#.........#


You could see a ribbon worm.

Vanquished Creatures
  2 dart slugs (D:1)
  4 bats (D:1)
  3 endoplasms (D:1)
  2 giant cockroaches (D:1)
  A goblin (D:1)
  A hobgoblin (D:2)
  5 kobolds
  3 quokkas (D:1)
  3 ball pythons (D:1)
  3 frilled lizards (D:1)
27 creatures vanquished.

Notes
Turn   | Place    | Note
-------+----------+-------------------------------------------
     0 | D:1      | qw the Deep Elf Hunter began the quest for the Orb.
     0 | D:1      | Reached XP level 1. HP: 12/12 MP: 3/3
     0 | D:1      | 0 ||| qw: Version: 0.3-a-160-g6735b56
     0 | D:1      | 0 ||| qw: Game counter: 5425
     0 | D:1      | 0 ||| qw: Melee chars always use a shield: true
     0 | D:1      | 0 ||| qw: God list: Okawaru
     0 | D:1      | 0 ||| qw: Allow faded altars: false
     0 | D:1      | 0 ||| qw: Do Orc after clearing Dungeon:15 true
     0 | D:1      | 0 ||| qw: Do second Lair branch before Depths: true
     0 | D:1      | 0 ||| qw: Lair rune preference: random
     0 | D:1      | 0 ||| qw: Goals: Normal
     0 | D:1      | 0 ||| PLANNING D:1-11
    14 | D:1      | Found Fihecob's Weapon Emporium.
    34 | D:1      | 34 ||| SHOPLISTING +1 heavy orcbow (186 gold, have 0).
    55 | D:1      | Found Niruab's Book Boutique.
    67 | D:1      | Reached skill level 6 in Ranged Weapons
    67 | D:1      | Reached XP level 2. HP: 16/16 MP: 4/4
   492 | D:1      | Reached XP level 3. HP: 19/20 MP: 5/5
   879 | D:1      | 879 ||| UPGRADING to +0 scale mail.
   889 | D:1      | 889 ||| DROPPING +0 leather armour.
   890 | D:1      | 890 ||| UPGRADING to ring of resist corrosion.
   891 | D:1      | 891 ||| READING 2 scrolls labelled LUNUMUN RIKEST.
   891 | D:1      | 891 ||| IDENTIFYING smoky clear potion
   892 | D:1      | 892 ||| READING scroll of identify.
   892 | D:1      | 892 ||| IDENTIFYING murky pink potion
   893 | D:1      | 893 ||| DROPPING scroll of butterflies.
   894 | D:1      | 894 ||| DROPPING potion of invisibility.
   934 | D:2      | Found a faded altar of an unknown god.
  1033 | D:2      | HP: 3/20 [ribbon worm (6)]
  1034 | D:2      | Slain by a ribbon worm

Levels and vault maps discovered:
D:1:      saegor_arrival_simple_c, layout_loops_corners, serial_shops, shop,
          nicolae_book_shop_shelving
D:2:      layout_basic, basic_altar, hellmonk_ecumenical_altar_crossroads,
          uniq_sigmund, uniq_crazy_yiuf_cottage

Skill      XL: |  1 |
---------------+----+-----
Ranged Weapons | 6 |  6.7
Fighting       | |  1.5
Dodging        | |  2.4
Stealth        | |  1.2

Action                     || total
---------------------------++-------
   Fire: Shortbow          ||    94
    Use: Scroll            ||     2
 Armour: Leather armour    ||    12
         Scale mail        ||     8
  Dodge: Dodged            ||    14

Table legend:
 A = Non-vault XP
 B = Vault XP
 C = Vault XP percentage of total XP
 D = Non-vault monster count
 E = Vault monster count
 F = Vault count percentage of total count
                 A         B        C        D         E       F
            +---------+---------+-------+---------+---------+-------
      Total |      50 |       0 |   0.0 |      27 |       0 |   0.0
            +---------+---------+-------+---------+---------+-------
        D:1 |      46 |       0 |   0.0 |      25 |       0 |   0.0
        D:2 |       4 |       0 |   0.0 |       2 |       0 |   0.0
            +---------+---------+-------+---------+---------+-------
